 Dungeon Crawl Stone Soup version 0.26.1-11-gd32895ea62 (webtiles) character file.

Game seed: 8818229449489618725

58 Descartes the Ducker (level 3, -2/15 HPs)
             Began as a Felid Transmuter on Apr 17, 2021.
             Slain by a worm (4 damage)
             ... on level 2 of the Dungeon.
             The game lasted 00:02:46 (2704 turns).

Descartes the Ducker (Felid Transmuter)             Turns: 2704, Time: 00:02:47

Health: -2/15      AC:  1    Str:  7    XL:     3   Next: 76%
Magic:  7/7        EV: 19    Int: 14    God:
Gold:   73         SH:  0    Dex: 16    Spells: 3/6 levels left
                                        Lives:  0   Deaths: 0

rFire    . . .     SeeInvis +     - Unarmed
rCold    . . .     Faith    .   (shield unavailable)
rNeg     . . .     Spirit   .   (armour unavailable)
rPois    .         Reflect  .   (helmet unavailable)
rElec    .         Harm     .   (cloak unavailable)
rCorr    .         Rampage  .   (gloves unavailable)
Will     .....                  (boots unavailable)
Stlth    +++.......             (no amulet)
HPRegen  0.05/turn              (no ring)
MPRegen  0.10/turn              (no ring)

@: appendages (expiring), quick
A: very small, no armour, no weapons or thrown items, stealth, claws 1, fangs 3,
horns 2, see invisible, speed 1, shaggy fur 1, sharp paws
a: End Transformation


You were on level 2 of the Dungeon.
You had grown temporary horns.
You visited 1 branch of the dungeon, and saw 2 of its levels.

You collected 73 gold pieces.

Inventory:

Missiles
 c - 75 arrows
 d - 27 stones
Scrolls
 a - 5 scrolls of remove curse {unknown}
 f - a scroll of identify {unknown}
Potions
 b - a potion of ambrosia {unknown}
 e - a potion of attraction {unknown}
 g - a potion of might {unknown}


   Skills:
 - Level 1.0 Fighting
 + Level 3.4 Dodging
 * Level 3.0 Stealth
 - Level 3.0 Unarmed Combat
 + Level 2.4 Spellcasting
 + Level 2.8 Transmutations


You had 3 spell levels left.
You knew the following spells:

 Your Spells              Type           Power        Failure   Level
a - Beastly Appendage     Tmut           18%          7%          1
b - Wereblood             Tmut           9%           11%         2

Your spell library contained the following spells:

 Spells                   Type           Power        Failure   Level
 Spider Form              Tmut/Pois      2%           36%         3
 Ice Form                 Ice/Tmut       5%           77%         4
 Blade Hands              Tmut           4%           89%         5


Dungeon Overview and Level Annotations

Branches:
Dungeon (2/15)

Altars:


Innate Abilities, Weirdness & Mutations

You cannot wear armour.
You are incapable of wielding weapons or throwing items.
Your paws allow you to move quietly. (Stealth)
You have sharp claws.
You have razor-sharp teeth.
You have supernaturally acute eyesight. (SInv)
You cover ground quickly.
You are covered in fur. (AC +1)
Your sharp claws are effective at attacking unaware monsters.
You have a pair of horns on your head.


Message History

You scratch the worm.
The worm is severely wounded.
You scratch the worm.
You headbutt the worm, but do no damage.
The worm is almost dead.
The worm closely misses you.
You scratch the worm but do no damage.
The worm is severely wounded.
The worm bites you!
Ouch! That really hurt!
* * * LOW HITPOINT WARNING * * *
You are too injured to fight recklessly!
You are too injured to fight recklessly!
You are too injured to fight recklessly!
You barely miss the worm.
The worm is severely wounded.
You scratch the worm. You headbutt the worm.
The worm is almost dead.
The worm bites you.
You die...

..............# #.# #........
.....##.#####.# #.# #........
.....##.#####.###.# #........
................#.# #........
#############.#...# #........
........#####.##..#######..†.....
.............................>...
.###..#.#####.##..###.....#######
.<....#.........@.# #.....#
..#.#########.###w###.....#
.........# #.............#
.#.......# ######.###....#
.#.####..# #..####.## .#.####..#
##.# #.# .........# #.####.#####
..#####.##### #..........#
............# ##.........#


You could see a worm.

Vanquished Creatures
  2 adders (D:2)
  An ooze (D:1)
  A worm (D:2)
  4 ball pythons
  2 bats (D:2)
  A giant cockroach (D:1)
  2 goblins (D:1)
  4 hobgoblins
  3 jackals (D:1)
  2 frilled lizards
  6 kobolds
  5 rats
33 creatures vanquished.

Notes
Turn   | Place    | Note
-------+----------+-------------------------------------------
     0 | D:1      | Descartes the Felid Transmuter began the quest for the Orb.
     0 | D:1      | Reached XP level 1. HP: 9/9 MP: 4/4
   251 | D:1      | Reached skill level 1 in Stealth
   292 | D:1      | Reached XP level 2. HP: 12/12 MP: 4/6
   598 | D:1      | Learned a level 2 spell: Wereblood
  1463 | D:2      | Reached XP level 3. HP: 12/15 MP: 7/7
  2704 | D:2      | Slain by a worm

Illustrated notes

Levels and vault maps discovered:
D:1:      matt_arrival_los_fun, layout_basic, minmay_box_of_dots
D:2:      layout_basic

Skill      XL: |  1  2  3 |
---------------+----------+-----
Stealth        | 1 2 3 |  3.0
Dodging        | 3 |  3.4
Fighting       | |  1.0
Unarmed Combat | |  3.0
Spellcasting   | |  2.4
Transmutations | |  2.8

Action                   || total
-------------------------++-------
Melee: Unarmed           ||    97
       Headbutt          ||    13
       Bite              ||    10
 Cast: Beastly Appendage ||    26
 Stab: Sleeping          ||     9
Armor: Skin              ||     6
Dodge: Dodged            ||    75
